 Dungeon Crawl Stone Soup version 0.24.0-123-gd5b16e6ec5 (webtiles) character file.

Game seed: 13762303291827984492, levelgen mode: deterministic

193 FishyPogo the Skirmisher (level 5, -17/55 HPs)
             Began as a Demonspawn Chaos Knight on Feb 5, 2020.
             Was a Plaything of Xom.
             Splashed by Ijyb's acid (18 damage)
             ... on level 4 of the Dungeon.
             The game lasted 00:06:04 (2147 turns).

FishyPogo the Skirmisher (Demonspawn Chaos Knight)  Turns: 2147, Time: 00:06:07

Health: -17/55     AC: 18    Str: 14    XL:     5   Next: 43%
Magic:  0/5        EV:  2    Int: 15    God:    Xom [*.....]
Gold:   117        SH:  0    Dex: 12    Spells: 4/4 levels left

rFire    . . .     SeeInvis .   (no weapon)
rCold    . . .     Gourm    .   (no shield)
rNeg     + + +     Faith    .   (armour currently unavailable)
rPois    +         Spirit   +   (helmet currently unavailable)
rElec    .         Reflect  .   (cloak currently unavailable)
rCorr    .         Harm     .   (gloves currently unavailable)
MR       .....     NoTele   +   (boots currently unavailable)
Stlth    +.........             (no amulet)
HPRegen  0.18/turn              i - +2 ring of intelligence
MPRegen  0.18/turn              (no ring)

@: tree-form, corroded
A: frail 1, magic shield, magic regeneration
a: Renounce Religion


You were on level 4 of the Dungeon.
You worshipped Xom.
You were a special plaything of Xom.
You were not hungry.
You were a tree.
You visited 1 branch of the dungeon, and saw 4 of its levels.

You collected 117 gold pieces.

Inventory:

Hand Weapons
 a - a +0 short sword of chaos
 m - a +0 vampiric spear
Missiles
 f - 8 javelins
 j - 21 poisoned darts (quivered)
 n - 3 curare-tipped darts
 o - 22 stones
 s - 3 boomerangs
Armour
 b - a +2 leather armour (melded)
 l - a cursed +0 leather armour
 p - a +0 helmet (melded)
Jewellery
 i - a +2 ring of intelligence (left branch)
Scrolls
 e - 5 scrolls of identify {unknown}
 g - a scroll of magic mapping {unknown}
 h - 3 scrolls of teleportation {unknown}
 k - a scroll of enchant armour {unknown}
 q - a scroll of fog {unknown}
Comestibles
 c - 5 rations
 r - 3 chunks of flesh


   Skills:
 + Level 4.3 Fighting
 + Level 3.9 Short Blades
 + Level 3.2 Armour
 - Level 1.0 Dodging


You had 4 spell levels left.
You didn't know any spells.
Your spell library was empty.

Dungeon Overview and Level Annotations

Branches:
Dungeon (4/15)             Temple (0/1) D:4

Altars:
Makhleb
Qazlal
Ru

Annotations:
D:3 1 runed translucent door, barcode's ghost, amateur DDWz
D:4 Ijyb


Innate Abilities, Weirdness & Mutations

((You are partially covered in icy blue scales. (AC +2)))
When hurt, damage is shared between your health and your magic reserves.
You regenerate magic rapidly.
You are frail. (-10% HP)


Message History

Okay, then.
Drop what? 19/52 slots (_ for help) (? for menu, Esc to quit)
Okay, then.
Unknown command.
Really quaff the potion of lignification?
You turn into a tree.
Your +0 helmet melds into your body.
Your +2 leather armour melds into your body.
Your roots penetrate the ground.
Ijyb hits you but does no damage.
You hit Ijyb but do no damage.
Ijyb is poisoned.
Ijyb hits you but does no damage.
You are now empty-handed.
You hit the hound but do no damage.
The hound bites you but does no damage. x2
Ijyb hits you but does no damage.
You hit the hound but do no damage. The hound bites you but does no damage.
A kobold skeleton comes into view.
Ijyb zaps a wand.
The bolt of acid hits you!!
* * * LOW HITPOINT WARNING * * *
You are splashed with acid!!
You die...
Xom guffaws!

#.........#.......#
#.........#.......#
#.........'.......#
###########.......#
..............#####
..........b...+
.......b......#
......b.......#
...b..h♣......#
......g########
....... .......
....... .......
....... ....Z..
#....# ..>.
#..........


You could see Ijyb, a hound and a kobold skeleton.

Vanquished Creatures
  A hound (D:3)
  2 orc wizards (D:3)
  3 adders (D:3)
  2 worms
  3 dart slugs
  A leopard gecko (D:3)
  7 orcs (D:3)
  7 bats
  A giant cockroach (D:2)
  7 goblins
  8 hobgoblins
  9 kobolds
  3 frilled lizards
  4 rats
58 creatures vanquished.

Notes
Turn   | Place    | Note
-------+----------+-------------------------------------------
     0 | D:1      | FishyPogo the Demonspawn Chaos Knight began the quest for
                  | the Orb.
     0 | D:1      | Reached XP level 1. HP: 18/18 MP: 1/1
    51 | D:1      | Reached skill level 1 in Dodging
   123 | D:1      | XOM: divination: detect items
   226 | D:1      | XOM: cast spell 'Summon Butterflies'
   227 | D:1      | XOM: butterfly on damage
   344 | D:1      | Gained mutation: When hurt, damage is shared between your
                  | health and your magic reserves. [demonic ancestry]
   344 | D:1      | Reached XP level 2. HP: 24/24 MP: 2/2
   385 | D:1      | XOM: divination: magic mapping
   721 | D:2      | Found a burning altar of Makhleb.
   725 | D:2      | Found a stormy altar of Qazlal.
   730 | D:2      | Found a sacrificial altar of Ru.
   768 | D:2      | Gained mutation: You regenerate magic rapidly. [demonic
                  | ancestry]
   768 | D:2      | Reached XP level 3. HP: 29/29 MP: 3/3
   823 | D:2      | XOM: divination: magic mapping
   942 | D:2      | XOM: butterfly on damage
   948 | D:2      | XOM: harmless Pois miscast
   952 | D:2      | XOM: harmless Necr miscast
  1190 | D:3      | XOM: divination: detect items
  1204 | D:3      | Found a faded altar of an unknown god.
  1253 | D:3      | XOM: potion effect (brilliance)
  1338 | D:3      | XOM: god gift: ration
  1461 | D:3      | Reached XP level 4. HP: 6/37 MP: 2/4
  1527 | D:3      | XOM: divination: detect creatures
  1546 | D:3      | Reached skill level 4 in Fighting
  1662 | D:3      | Gained mutation: You are partially covered in icy blue
                  | scales. (AC +2) [demonic ancestry]
  1662 | D:3      | Reached XP level 5. HP: 14/42 MP: 3/5
  1776 | D:3      | XOM: medium Hex miscast
  1818 | D:3      | Found a runed translucent door.
  1818 | D:3      | Noticed barcode's ghost (amateur DDWz)
  1960 | D:3      | XOM: give mutation
  1960 | D:3      | Gained mutation: You are frail. (-10% HP) [Xom's mischief]
  2063 | D:4      | Found a staircase to the Ecumenical Temple.
  2135 | D:4      | XOM: harmless Erth miscast
  2138 | D:4      | Noticed Ijyb
  2140 | D:4      | XOM: butterfly on damage
  2147 | D:4      | HP: 1/55 [Ijyb/bolt of acid (16)]
  2147 | D:4      | Splashed by Ijyb's acid

Levels and vault maps discovered:
D:1:      dpeg_arrival_windows_large_door, layout_basic
D:2:      layout_loops_cross, minmay_overflow_temple_star_quad,
          minmay_tetromino_i2
D:3:      lemuel_upstairs_altar, layout_rooms, ebering_ghost_reflecting_pool,
          chequers_ecumenical_altar_simple_redux
D:4:      layout_gridville, minmay_temple_entry_glass, first_ration,
          nicolae_tso_besieged_by_evil, uniq_robin, uniq_blork_the_orc,
          uniq_ijyb, uniq_natasha

Skill      XL: |  1  2  3  4 |
---------------+-------------+-----
Dodging        | 1 |  1.0
Armour         | 2 3 |  3.2
Short Blades   | 3 |  3.9
Fighting       | 4 |  4.3

Action                   |  1- 3 |  4- 6 || total
-------------------------+-------+-------++-------
Melee: Short sword       |   159 |    89 ||   248
       Unarmed           |       |     2 ||     2
Throw: Dart              |       |    15 ||    15
  Use: Potion            |     3 |     2 ||     5
 Stab: Paralysed         |     1 |     1 ||     2
       Petrified         |       |     1 ||     1
  Eat: Chunk             |     2 |     2 ||     4
Armor: Leather armour    |    59 |    33 ||    92
       Skin              |       |     5 ||     5
Dodge: Dodged            |    97 |    46 ||   143
